 Dungeon Crawl Stone Soup version 0.18-a0-1041-gbe91bf5 (webtiles) character file.

194 THICKCHOCOELFTHIGHS the Magician (level 5, 0/28 HPs)
             Began as a Deep Elf Air Elementalist on Jan 10, 2016.
             Killed from afar by an orc wizard (6 damage)
             ... with a magic dart
             ... on level 3 of the Dungeon.
             The game lasted 00:15:56 (3829 turns).

THICKCHOCOELFTHIGHS the Magician (DEAE)             Turns: 3829, Time: 00:15:56

Health: 0/28       AC:  3    Str:  5    XL:     5   Next: 44%
Magic:  11/13      EV: 13    Int: 21    God:
Gold:   73         SH:  0    Dex: 15    Spells: 2 memorised, 9 levels left

rFire  . . .     SeeInvis .     q - +0 quarterstaff
rCold  . . .     Gourm    .     a - +1 robe
rNeg   . . .     Faith    .     (shield currently unavailable)
rPois  .         Spirit   .     (no helmet)
rElec  .         Dismiss  .     (no cloak)
rCorr  .         Reflect  .     (no gloves)
SustAt .         Harm     .     (no boots)
MR     .....                    (no amulet)
Stlth  ++........               (no ring)
                                (no ring)

@: swift, quick, not resistant to hostile enchantments, unstealthy
A: no striking features
a: no special abilities


You were on level 3 of the Dungeon.
You were not hungry.

You visited 1 branch of the dungeon, and saw 4 of its levels.

You collected 73 gold pieces.

Inventory:

Hand Weapons
 q - a +0 quarterstaff (weapon)
Armour
 a - a +1 robe (worn)
Scrolls
 e - 3 scrolls of remove curse
 j - a scroll of teleportation
 o - a scroll of identify {unknown}
Potions
 h - 2 potions of brilliance {unknown}
 n - a potion of agility {unknown}
 p - a potion of cancellation {unknown}
Books
 b - a book of Air

   Spells                             Type                      Level
   a - Shock                          Conjuration/Air              1
   b - Swiftness                      Charms/Air                   2
   c - Repel Missiles                 Charms/Air                   2
   d - Static Discharge               Conjuration/Air              3
   e - Lightning Bolt                 Conjuration/Air              5
Comestibles
 c - 3 bread rations
 d - 4 fruits
 k - 2 meat rations


   Skills:
 - Level 2.5 Dodging
 - Level 2.4 Stealth
 - Level 4.0 Spellcasting
 * Level 3.5 Conjurations
 + Level 3.4 Charms
 + Level 4.0 Air Magic


You had 9 spell levels left.
You knew the following spells:

 Your Spells              Type           Power        Failure   Level  Hunger
a - Shock                 Conj/Air       ###.         2%          1    None
b - Swiftness             Chrm/Air       ###.....     4%          2    #......


Dungeon Overview and Level Annotations

Branches:
Dungeon (4/15)
 Temple: D:4-7

Altars:
Okawaru
Qazlal

Annotations:
D:2 exclusion: 2 adders


Message History

The orc hits you with a flail.
* * * LOW HITPOINT WARNING * * *
Something hits you but does no damage.
You hear some strange, mumbled words.
A puff of flame appears from out of thin air!
The puff of flame misses you.
You climb upwards.
There is a stone staircase leading down here.
Things that are here:
a ring mail; a hand axe You hit something but do no damage.
Something hits you but does no damage. The orc closely misses you.
Something hits you but does no damage.
Casting: Shock
Confirm with . or Enter, or press ? or * to list all spells.
You feel quick. Something hits you but does no damage. The orc misses you.
Something hits you.
* * * LOW HITPOINT WARNING * * *
A magic dart appears from out of thin air!
The magic dart hits you!
You die...

### ############### ###
..#####.........@...###.######
..............o>###.#........#
..#####.###..)#[# #.#...####.#
..# #.# #...#[###.#.....รท..#
..# #.# #...#.#........#####
### #.###...#..(..#..#.#
#.......###.###....# #####.#.#
#.#.#.#### #######.# #.#.#
#.#...#####


You could see an orc.

Vanquished Creatures
  The ghost of kak the Caller, an amateur DESu (D:3)
  An orc wizard (D:3)
  4 adders
  A worm (D:3)
  2 giant geckos
  8 orcs (D:3)
  9 bats
  A giant cockroach (D:2)
  3 goblins
  5 hobgoblins
  4 quokkas
  A ball python (D:3)
  3 giant newts
  5 kobolds
  9 rats
57 creatures vanquished.

Notes
Turn   | Place    | Note
--------------------------------------------------------------
     0 | D:1      | THICKCHOCOELFTHIGHS the Deep Elf Air Elementalist began the quest for the Orb.
     0 | D:1      | Reached XP level 1. HP: 10/10 MP: 6/6
   209 | D:1      | You fall through a shaft!
   251 | D:2      | Reached XP level 2. HP: 4/15 MP: 5/8
   255 | D:2      | Learned a level 2 spell: Swiftness
   722 | D:2      | Reached skill level 1 in Charms
  1166 | D:2      | Reached XP level 3. HP: 19/19 MP: 4/9
  1311 | D:2      | Noticed a sky beast
  1447 | D:2      | Found an iron altar of Okawaru.
  2019 | D:3      | Noticed kak's ghost (amateur DESu)
  2032 | D:3      | Killed kak's ghost
  2032 | D:3      | Reached skill level 4 in Spellcasting
  2032 | D:3      | Reached XP level 4. HP: 16/24 MP: 0/12
  2365 | D:3      | Reached XP level 5. HP: 28/28 MP: 8/13
  3122 | D:4      | Found a stormy altar of Qazlal.
  3149 | D:4      | Noticed an ogre
  3802 | D:4      | Found a sand-covered staircase.
  3829 | D:3      | Killed from afar by an orc wizard

Vault maps used:
D:1:      evilmike_arrival_hilbert_curve, kennysheep_flooded_box
D:2:      old_standard_altar, grunt_ministairs_15
D:3:      item_on_display_a
D:4:      kennysheep_mini_moat, nicolae_overflow_crystal_walls, enter_ossuary_2,
          first_bread

Action                   |  1- 3 |  4- 6 || total
-------------------------+-------+-------++-------
Melee: Unarmed           |     3 |       ||     3
       Short sword       |     6 |     5 ||    11
       Quarterstaff      |       |     7 ||     7
 Cast: Shock             |    62 |    53 ||   115
       Swiftness         |     2 |     3 ||     5
  Use: Scroll            |       |     5 ||     5
 Stab: Sleeping          |     1 |     2 ||     3
  Eat: Chunk             |     3 |     6 ||     9
